 Dungeon Crawl Stone Soup version 0.25-a0-294-gea9b1ad378 (webtiles) character file.

Game seed: 16395045722806814212, levelgen mode: deterministic

21 floatRand the Chiller (level 2, -2/19 HPs)
             Began as a Merfolk Ice Elementalist on Dec 19, 2019.
             Slain by a jackal (3 damage)
             ... on level 2 of the Dungeon.
             The game lasted 00:01:34 (1128 turns).

floatRand the Chiller (Merfolk Ice Elementalist)    Turns: 1128, Time: 00:01:34

Health: -2/19      AC:  3    Str:  8    XL:     2   Next: 87%
Magic:  5/5        EV: 13    Int: 14    God:
Gold:   98         SH:  0    Dex: 14    Spells: 4/5 levels left

rFire    . . .     SeeInvis .   k - +0 spear
rCold    . . .     Gourm    .   (no shield)
rNeg     . . .     Faith    .   l - +0 leather armour (curse)
rPois    .         Spirit   .   (no helmet)
rElec    .         Reflect  .   (no cloak)
rCorr    .         Harm     .   (no gloves)
MR       .....                  (no boots)
Stlth    ++........             f - amulet of the acrobat
HPRegen  0.06/turn              (no ring)
MPRegen  0.09/turn              (no ring)

@: no status effects
A: change form in water, swift swim, stealthy swim
a: no special abilities


You were on level 2 of the Dungeon.
You were hungry.

You visited 1 branch of the dungeon, and saw 2 of its levels.

You collected 98 gold pieces.

Inventory:

Hand Weapons
 k - a +0 spear (weapon)
Armour
 a - a +1 robe
 l - a cursed +0 leather armour (worn)
Jewellery
 f - an amulet of the acrobat (around neck)
Scrolls
 h - a scroll of blinking {unknown}
 i - 2 scrolls of identify
 j - a scroll of amnesia
Potions
 b - 2 potions of curing {unknown}
 d - a potion of magic {unknown}
 e - a potion of agility {unknown}
 g - a potion of resistance {unknown}
 m - a potion of heal wounds {unknown}
Comestibles
 c - 3 rations


   Skills:
 + Level 1.0 Polearms
 + Level 0.2 Armour
 + Level 3.2 Dodging
 + Level 2.7 Stealth
 - Level 2.0 Spellcasting
 + Level 4.6 Ice Magic


You had 4 spell levels left.
You knew the following spells:

 Your Spells              Type           Power        Failure   Level  Hunger
a - Freeze                Ice            ##..         4%          1    ##.....

Your spell library contained the following spells:

 Spells                   Type           Power        Failure   Level  Hunger
 Ozocubu's Armour         Chrm/Ice       #.......     36%         3    ####...
 Hailstorm                Conj/Ice       #.......     78%         4    #####..
 Summon Ice Beast         Ice/Summ       #.......     78%         4    #####..


Dungeon Overview and Level Annotations

Branches:
Dungeon (2/15)

Altars:


Message History

You barely miss the jackal. The jackal bites you.
The jackal closely misses you. The jackal bites you.
You are too injured to fight recklessly!
Unknown command.
You are too injured to fight recklessly!
Unknown command.
You are too injured to fight recklessly!
You barely miss the jackal.
The jackal is severely wounded.
The jackal bites you.
* * * LOW HITPOINT WARNING * * *
The jackal barely misses you. The jackal closely misses you.
You hit the jackal.
You kill the jackal!
The jackal bites you but does no damage.
You miss the jackal. The jackal bites you.
* * * LOW HITPOINT WARNING * * *
The jackal bites you but does no damage.
You closely miss the jackal. The jackal bites you.
You die...

#.###..# #..#
...####.#####
##.# #.
##...........##
#.### .
#.#####.###..#
#...# #.##.#
#......# #...#
#.#..#
###...### #...#
...$# #...#.#
#...#
##..####.###.#
##.##
#...##h@.# .
#.# #..#....###
## #<## #..
#.[### #..# #.
#..# ##.. ..
....# . ##. #.
####.. #. #. #
#### .. #. #.
#. #. #>


You could see a jackal.

Vanquished Creatures
  An adder (D:2)
  2 bats (D:1)
  2 goblins
  2 hobgoblins (D:1)
  2 jackals (D:2)
  3 rats (D:1)
12 creatures vanquished.

Notes
Turn   | Place    | Note
-------+----------+-------------------------------------------
     0 | D:1      | floatRand the Merfolk Ice Elementalist began the quest for
                  | the Orb.
     0 | D:1      | Reached XP level 1. HP: 13/13 MP: 3/3
   305 | D:1      | Reached XP level 2. HP: 11/19 MP: 5/5
  1118 | D:2      | Reached skill level 1 in Polearms
  1128 | D:2      | Slain by a jackal

Levels and vault maps discovered:
D:1:      onia_arrival_pentagram, layout_basic
D:2:      layout_rooms

Skill      XL: |  1  2 |
---------------+-------+-----
Dodging        | 3 |  3.2
Polearms       | 1 |  1.0
Armour         | |  0.2
Stealth        | |  2.7
Spellcasting   | |  2.0
Ice Magic      | |  4.6

Action                   || total
-------------------------++-------
Melee: Spear             ||    49
 Cast: Freeze            ||     7
  Use: Scroll            ||     4
 Stab: Distracted        ||     1
       Sleeping          ||     1
Armor: Leather armour    ||    25
       Robe              ||     2
Dodge: Dodged            ||    66

Table legend:
 A = Non-vault XP
 B = Vault XP
 C = Vault XP percentage of total XP
 D = Non-vault monster count
 E = Vault monster count
 F = Vault count percentage of total count
                 A         B        C        D         E       F
            +---------+---------+-------+---------+---------+-------
      Total |      31 |       0 |   0.0 |      12 |       0 |   0.0
            +---------+---------+-------+---------+---------+-------
        D:1 |      12 |       0 |   0.0 |       8 |       0 |   0.0
        D:2 |      19 |       0 |   0.0 |       4 |       0 |   0.0
            +---------+---------+-------+---------+---------+-------
